AoeStats
← maimadana

Arabia

509132373Analyzed
1v1 RM · 7d ago on Sep 25, 2026· 39m 39s· 2 players
Game mode
Random Map
Map size
Tiny (2 player)
Population
200
Speed
Normal
Resources
Standard
Victory
Conquest
Starting age
Dark Age
Ending age
Imperial Age
RankedLock teamsTeams togetherTeam positionsShared explorationLock speedFull tech treeHidden civsTurbo modeCheats
Victory
Defeat
🇨🇿 Italians · Czechia
782
+29
🇺🇸 Saxons · United States
769
-38
SCORPION LUK825
0:50 Loom
11:32 Feudal Age
11:41 Man-at-Arms
13:04 Double-Bit Axe
21:42 Castle Age
22:33 Padded Archer Armor
22:43 Forging
22:55 Elite Skirmisher
27:40 Wheelbarrow
30:15 Leather Archer Armor
maimadana
7:53 Loom
11:12 Feudal Age
11:41 Double-Bit Axe
16:30 Wheelbarrow
17:35 Fletching
21:34 Castle Age
19:29 Gold Mining
22:52 Stone Mining
23:24 Bodkin Arrow
22:55 Crossbowman
23:51 Horse Collar
24:24 Bow Saw
30:38 Ballistics
31:01 Husbandry
31:11 Bloodlines
36:52 Imperial Age
36:58 Thumb Ring
37:02 Arbalester
38:52 Chemistry
38:33 Padded Archer Armor
38:34 Bracer
Connection lost

Rejoining the realm…

Still unreachable

The connection could not be restored.

Session expired

The server has moved on; the page needs a fresh start.